 Dungeon Crawl Stone Soup version 0.19.0-18-g426998a (webtiles) character file.

590 Leybi the Skirmisher (level 7, 0/59 HPs)
             Began as a Merfolk Skald on Nov 11, 2016.
             Was an Initiate of Okawaru.
             Slain by an ice beast (10 damage)
             ... on level 5 of the Dungeon.
             The game lasted 00:15:51 (5546 turns).

Leybi the Skirmisher (Merfolk Skald)                Turns: 5546, Time: 00:15:55

Health: 0/59       AC:  7    Str: 12    XL:     7   Next: 39%
Magic:  0/11       EV: 13    Int: 13    God:    Okawaru [......]
Gold:   253        SH:  0    Dex: 14    Spells: 2 memorised, 9 levels left

rFire  . . .     SeeInvis .     q - +0 trident
rCold  . . .     Gourm    .     w - +3 leather armour
rNeg   . . .     Faith    .     (no shield)
rPois  .         Spirit   +     (no helmet)
rElec  .         Reflect  .     F - +0 cloak
rCorr  .         Harm     .     (no gloves)
MR     +....                    (no boots)
Stlth  +.........               u - amulet of guardian spirit
                                (no ring)
                                b - ring of protection from magic

@: no status effects
A: change form in water, swift swim, stealthy swim
a: Renounce Religion


You were on level 5 of the Dungeon.
You worshipped Okawaru.
Okawaru was noncommittal.
You were hungry.

You visited 1 branch of the dungeon, and saw 5 of its levels.

You collected 253 gold pieces.

Inventory:

Hand Weapons
 q - a +0 trident (weapon)
Armour
 w - a +3 leather armour (worn)
 F - a +0 cloak (worn)
Jewellery
 b - a ring of protection from magic (left hand)
 u - an amulet of guardian spirit (around neck)
 G - a cursed -2 ring of dexterity {unknown}
Scrolls
 a - a scroll of blinking {unknown}
 e - 5 scrolls of recharging {unknown}
 f - 2 scrolls of identify
 i - a scroll of magic mapping {unknown}
 k - a scroll of enchant weapon {unknown}
 o - 4 scrolls of teleportation {unknown}
 s - a scroll of amnesia {unknown}
 t - 2 scrolls of remove curse {unknown}
 y - a scroll of fear {unknown}
 B - a scroll of random uselessness {unknown}
Potions
 h - a potion of heal wounds
 j - a potion of haste {unknown}
 l - 3 potions of curing
 n - 2 potions of magic
 p - a potion of ambrosia {unknown}
 r - a potion of flight {unknown}
 v - a potion of degeneration {unknown}
 x - a potion of resistance {unknown}
 z - a potion of cancellation {unknown}
 A - a potion of berserk rage {unknown}
 C - a potion of lignification {unknown}
 D - a potion of mutation {unknown}
 H - a potion of brilliance {unknown}
Books
 c - a book of Battle

   Spells                             Type                      Level
   a - Infusion                       Charms                       1
   b - Shroud of Golubria             Charms/Translocation         2
   c - Song of Slaying                Charms                       2
   d - Spectral Weapon                Hexes/Charms                 3
   e - Regeneration                   Charms/Necromancy            3
Comestibles
 d - 2 bread rations
 g - 2 meat rations
 m - 3 fruits
 E - 2 chunks of flesh


   Skills:
 * Level 6.4 Fighting
 - Level 5.0 Polearms
 - Level 0.6 Armour
 - Level 3.4 Dodging
 + Level 3.0 Spellcasting
 + Level 4.4 Charms


You had 9 spell levels left.
You knew the following spells:

 Your Spells              Type           Power        Failure   Level  Hunger
a - Infusion              Chrm           ##..         6%          1    #......
b - Song of Slaying       Chrm           ##......     10%         2    ###....


Dungeon Overview and Level Annotations

Branches:
Dungeon (5/15)             Temple (0/1) D:4

Altars:
Okawaru

Annotations:
D:4 Eustachio


Message History

Your song has ended.
You feel sick. The ice beast closely misses you.
You hit the ice beast.
The ice beast is heavily wounded.
The ice beast hits you. The ice beast freezes you!
* * * LOW HITPOINT WARNING * * *
You hit the ice beast.
The ice beast is severely wounded.
The ice beast barely misses you.
You hit the ice beast.
The ice beast is almost dead.
The ice beast completely misses you.
You hit the ice beast but do no damage.
The ice beast is severely wounded.
You feel sick.
You are no longer poisoned.
The ice beast hits you.
* * * LOW HITPOINT WARNING * * *
The ice beast freezes you!
You die...

##########?.
#...@Y......
#.########(.
#.# #.# #.#
#.# #.# #.#
#.# ..


You could see an ice beast.

Vanquished Creatures
  A phantom (D:5)
  A crimson imp (D:5)
  A centaur skeleton (D:5)
  Crazy Yiuf (D:3)
  An orc priest (D:5)
  An iguana (D:5)
  4 worker ants
  Natasha (D:4)
  An orc wizard (D:4)
  12 adders
  2 oozes
  An adder skeleton (D:5)
  3 dart slugs (D:2)
  A worm (D:2)
  3 leopard geckos
  6 orcs
  2 ball pythons
  4 bats
  A giant cockroach (D:5)
  5 hobgoblins
  9 jackals
  4 kobolds
  9 frilled lizards
  10 goblins
  2 leopard gecko skeletons (D:4)
  A quokka skeleton (D:4)
  7 rats
94 creatures vanquished.

Notes
Turn   | Place    | Note
-------+----------+-------------------------------------------
     0 | D:1      | Leybi the Merfolk Skald began the quest for the Orb.
     0 | D:1      | Reached XP level 1. HP: 16/16 MP: 3/3
   390 | D:1      | Reached XP level 2. HP: 14/23 MP: 5/5
  1308 | D:2      | Reached skill level 3 in Fighting
  1308 | D:2      | Reached XP level 3. HP: 26/29 MP: 2/6
  1645 | D:2      | Reached XP level 4. HP: 16/37 MP: 0/7
  1982 | D:2      | Found a faded altar of an unknown god.
  2145 | D:2      | Found an iron altar of Okawaru.
  2145 | D:2      | Found a faded altar of an unknown god.
  2158 | D:2      | Found a faded altar of an unknown god.
  2161 | D:2      | Became a worshipper of Warmaster Okawaru
  2164 | D:2      | Found a faded altar of an unknown god.
  2166 | D:2      | Found a faded altar of an unknown god.
  2419 | D:2      | Reached skill level 4 in Fighting
  2668 | D:3      | Reached XP level 5. HP: 35/42 MP: 2/8
  2928 | D:3      | Found a runed door.
  3360 | D:4      | Found a staircase to the Ecumenical Temple.
  3647 | D:4      | Reached skill level 5 in Fighting
  3647 | D:4      | Reached skill level 5 in Polearms
  3647 | D:4      | Reached XP level 6. HP: 38/51 MP: 5/9
  3993 | D:3      | Learned a level 2 spell: Song of Slaying
  4112 | D:4      | Noticed Natasha
  4140 | D:4      | Killed Natasha
  4262 | D:4      | Noticed Eustachio
  4625 | D:3      | Noticed Crazy Yiuf
  4633 | D:3      | Killed Crazy Yiuf
  4955 | D:5      | Entered Level 5 of the Dungeon
  5121 | D:5      | Noticed an ice beast
  5151 | D:5      | Reached XP level 7. HP: 44/57 MP: 6/10
  5196 | D:5      | Reached skill level 6 in Fighting
  5546 | D:5      | Slain by an ice beast

Skill      XL: |  1  2  3  4  5  6  7 |
---------------+----------------------+-----
Fighting       | 3 4 5 6 |  6.4
Dodging        | 2 3 |  3.4
Polearms       | 4 5 |  5.0
Charms         | 4 |  4.4
Spellcasting   | 3 |  3.0
Armour         | |  0.6

Action                   |  1- 3 |  4- 6 |  7- 9 || total
-------------------------+-------+-------+-------++-------
Melee: Spear             |    95 |       |       ||    95
       Trident           |    19 |   253 |    91 ||   363
 Cast: Infusion          |     3 |    13 |     2 ||    18
       Song of Slaying   |       |       |     1 ||     1
  Use: Scroll            |       |     2 |       ||     2
       Potion            |       |     1 |       ||     1
 Stab: Sleeping          |       |     1 |       ||     1
       Distracted        |       |     1 |       ||     1
  Eat: Chunk             |     2 |    11 |     2 ||    15
Armor: Leather armour    |    20 |    59 |    24 ||   103
Dodge: Dodged            |    65 |   172 |    42 ||   279
